Cogmind - Beta 13 @@@ ROGUE MODE // 2024.07.09 @ 12:16:58 Player: jonasanoj Result: Destroyed by G-47 Trooper with Particle Gun Performance ------------- Evolutions (2) 1000 Regions Visited (4) 800 Robots Destroyed (34) 170 Value Destroyed (521) 521 Prototype IDs (3) 60 Alien Tech Used (0) 0 Bonus (0) 0 TOTAL SCORE: 2551 Bonus ------- None Cogmind --------- Core Integrity 0/550 Matter 153/300 Energy 95/100 System Corruption 0% Temperature Cool (9) Movement Core (50) Location -8/Materials Parts ------- > --- POWER (2) -------- (None) > --- PROPULSION (4) --- (None) > --- UTILITY (3) ------ Signal Interpreter > --- WEAPON (2) ------- (None) > --- INVENTORY (5) ---- Light Deuterium Engine Light Deuterium Engine Light Deuterium Engine High-capacity Storage Unit Missile Launcher Peak State ------------ > --- POWER ------------ Light Deuterium Engine Light Deuterium Engine > --- PROPULSION ------- Flight Unit Flight Unit Flight Unit Flight Unit > --- UTILITY ---------- Medium Storage Unit Weight Redist. System Signal Interpreter > --- WEAPON ----------- Light Assault Rifle Makeshift Sword > --- INVENTORY -------- Ion Engine Ion Engine Flight Unit Flight Unit High-capacity Storage Unit Experimental Sensor Array Assault Rifle Light Assault Rifle Light Assault Rifle Grenade Launcher [Rating: 20] Favorites ----------- Power Ion Engine Engine Ion Engine Propulsion Light Treads Treads Light Treads Flight Unit Flight Unit Utility High-capacity Storage Unit Device ECM Suite Storage High-capacity Storage Unit Processor Targeting Computer Weapon Light Assault Rifle Energy Gun Medium Laser Ballistic Gun Light Assault Rifle Launcher Grenade Launcher Slashing Weapon Makeshift Sword Build | -11 -10 -10 -10 -8 ------- Run | Yrd Mat Min Sub Mat Slots Evolved 4 | . . . . 4 Power 1 | . . . . 1 Propulsion 2 | . . . . 2 Utility 1 | . . . . 1 Weapon . | . . . . . Parts Attached 38 | 6 7 5 2 18 Power 6 | 1 1 . . 4 Engine 6 | 1 1 . . 4 Core . | . . . . . Reactor . | . . . . . Propulsion 12 | 2 1 2 . 7 Treads 5 | 2 1 2 . . Leg . | . . . . . Wheel . | . . . . . Hover . | . . . . . Flight 7 | . . . . 7 Utility 8 | 1 2 1 1 3 Device 3 | . 1 . . 2 Storage 3 | 1 1 . . 1 Processor 2 | . . 1 1 . Hackware . | . . . . . Protection . | . . . . . Artifact . | . . . . . Weapon 12 | 2 3 2 1 4 Energy Gun 4 | 1 2 1 . . Energy Cannon . | . . . . . Ballistic Gun 6 | 1 1 1 1 2 Ballistic Cannon . | . . . . . Launcher 1 | . . . . 1 Special Weapon . | . . . . . Impact Weapon . | . . . . . Slashing Weapon 1 | . . . . 1 Piercing Weapon . | . . . . . Special Melee Weapon . | . . . . . Unidentified Prototypes 1 | . . . . 1 Parts Lost 23 | . 2 4 2 15 Power 3 | . 1 . 1 1 Propulsion 10 | . . 2 1 7 Utility 2 | . . . . 2 Weapon 8 | . 1 2 . 5 Highest Loss Streak 15 | . 2 2 2 15 To Critical Strikes . | . . . . . Average Slot Usage (%) 96 | . 99 99 93 68 Engine 12 | . 13 14 10 6 Treads 25 | . 28 27 24 . Flight 1 | . . . . 24 Device 7 | . 13 3 . 7 Storage 13 | . 14 14 14 8 Processor 6 | . . 10 14 9 Energy Gun 7 | . 5 10 8 . Ballistic Gun 18 | . 22 17 19 7 Naked Turns . | . . . . . Heaviest Build 50 | 13 50 49 48 47 Greatest Support 40 | 40 40 40 40 22 Greatest Overweight (x) 3 | 3 1 1 2 3 Average Overweight (x) . | . . 1 1 . Largest Inventory Capacity 20 | 8 20 20 20 20 Average Capacity 18 | 7 18 20 20 11 Most Carried 20 | 4 20 20 18 17 Average Carried 16 | 2 15 18 17 9 Final Capacity 20 | 8 20 20 20 5 Final Carried 20 | 4 20 18 18 5 Class Distribution -------------------- 95% | Mutant 4% | Scavenger-Mutant Dominant Class ---------------- Mutant | -10/Materials Mutant | -10/Mines Mutant | -10/Subcaves Scavenger-Mutant | -8/Materials Resources | -11 -10 -10 -10 -8 ----------- Run | Yrd Mat Min Sub Mat Matter Collected 511 | 207 180 87 16 21 Remotely . | . . . . . Salvage Created 917 | . 519 237 58 103 Parts 70 | . 35 23 3 9 Haulers Intercepted 1 | . 1 . . . Recyclers Shooed 2 | . 1 1 . . Parts Field Recycled . | . . . . . Retrieved Matter . | . . . . . Parts Self-Destructed 8 | . . . 8 . Prevented . | . . . . . Kills | -11 -10 -10 -10 -8 ------- Run | Yrd Mat Min Sub Mat Combat Hostiles Destroyed 27 | . 11 11 1 4 Melee 1 | . . . . 1 Guns 25 | . 11 11 1 2 AOE 1 | . . . . 1 Classes Destroyed 9 | . 6 . 1 2 Worker 2 | . 2 . . . Builder 1 | . . . . 1 Hauler 1 | . 1 . . . Recycler 2 | . 2 . . . Watcher 1 | . 1 . . . Swarmer 21 | . 9 9 . 3 Grunt 4 | . 2 2 . . Sentry 1 | . . . . 1 Subdweller 1 | . . . 1 . Best Kill Streak 9 | . 9 3 1 3 Combat Bots Only 6 | . 6 3 1 3 Max Kills in Single Turn 1 | . 1 1 1 1 Gunslinging . | . . . . . Exploded 1 | . . . . 1 Melee 1 | . . . . 1 Uniques/NPCs Destroyed . | . . . . . Combat | -11 -10 -10 -10 -8 -------- Run | Yrd Mat Min Sub Mat Hostile Shots Fired 280 | . 91 63 13 113 Missed 88 | . 31 17 5 35 Damage Taken 2423 | . 519 414 220 1270 Core 733 | . 108 27 46 552 Absorbed by Shields . | . . . . . Core Remaining (%) 63 | 100 . . 27 . Volleys Fired 104 | . 43 35 3 23 Largest 2 | . 2 2 2 1 Hottest 70 | . 60 70 40 30 Shots Fired 183 | . 86 68 6 23 Gun 179 | . 86 68 6 19 Cannon . | . . . . . Launcher 4 | . . . . 4 Special . | . . . . . Kinetic 136 | . 60 51 6 19 Thermal 17 | . . 17 . . Explosive 4 | . . . . 4 Electromagnetic 26 | . 26 . . . Robot Hit Streak 15 | . 6 10 15 14 Robot Miss Streak 8 | . 5 8 . 2 Penetration Max . | . . . . . Secondary Targets 8 | . 5 3 . . Max Gunslinging Chain 1 | . 1 1 . . Shots Hit Robots 105 | . 45 32 5 23 Core Hits 64 | . 26 19 3 16 Critical Kills . | . . . . . Critical Parts Destroyed . | . . . . . Critical Strikes . | . . . . . Melee Attacks 6 | . . . . 6 Impact . | . . . . . Slashing 6 | . . . . 6 Piercing . | . . . . . Sneak Attacks . | . . . . . Combat Hostiles . | . . . . . Follow-up Attacks . | . . . . . Damage Inflicted 1399 | 7 506 344 43 499 Guns 1036 | . 506 341 43 146 Cannons . | . . . . . Explosions 249 | . . . . 249 Melee 104 | . . . . 104 Ramming 10 | 7 . 3 . . Kinetic 671 | . 292 190 43 146 Thermal 151 | . . 151 . . Explosive 249 | . . . . 249 Electromagnetic 214 | . 214 . . . Impact . | . . . . . Slashing 104 | . . . . 104 Piercing . | . . . . . Highest Corruption . | . . . . . Average Corruption . | . . . . . Corruption Purged . | . . . . . Corruption Blocked . | . . . . . Overload Shots . | . . . . . Overflow Damage . | . . . . . Projectiles . | . . . . . Explosions . | . . . . . Melee . | . . . . . Knockbacks . | . . . . . Impact . | . . . . . Kinetic . | . . . . . Secondary . | . . . . . Self-Inflicted Damage . | . . . . . Shots . | . . . . . Rammed 3 | 1 . 2 . . Targets Rammed 4 | 1 1 2 . . Kicked . | . . . . . Crushed 1 | . 1 . . . Highest Temperature 246 | . 64 216 246 18 Average Temperature 55 | . 20 82 130 9 Received Heat Transfer 902 | . 54 66 602 180 Siege Activations . | . . . . . Robots Corrupted . | . . . . . Combat Hostiles . | . . . . . Parts Fried . | . . . . . Impact Corruptions . | . . . . . Robots Melted . | . . . . . Combat Hostiles . | . . . . . Parts Melted 1 | . . . 1 . Heat Transferred 444 | . . 444 . . Parts Sabotaged . | . . . . . Parts Stolen . | . . . . . Parts Stripped . | . . . . . Power Chain Reactions . | . . . . . Alert | -11 -10 -10 -10 -8 ------- Run | Yrd Mat Min Sub Mat Peak Influence 312 | . 312 237 . 88 Initial 32 | . . 32 . . Average 102 | . 130 97 . 18 Maximum Alert Level 1 | . 1 1 . . Low Security (%) 83 | 100 77 84 . 100 Level 1 16 | . 22 15 . . Level 2 . | . . . . . Level 3 . | . . . . . Level 4 . | . . . . . Level 5 . | . . . . . High Security . | . . . . . Max Security . | . . . . . Squads Dispatched 5 | . 2 . . 3 Investigation 1 | . 1 . . . Extermination . | . . . . . Reinforcement 3 | . 1 . . 2 Assault . | . . . . . Garrison 1 | . . . . 1 Intercept . | . . . . . Searches Triggered . | . . . . . Construction Impeded 1 | . . . . 1 Haulers Reinforced . | . . . . . Active Scanning Responses . | . . . . . Cargo Convoy Interrupts . | . . . . . Stealth | -11 -10 -10 -10 -8 --------- Run | Yrd Mat Min Sub Mat Distress Signals 3 | . 2 . . 1 Communications Jammed . | . . . . . Distress Signals . | . . . . . Times Spotted 60 | . 30 11 1 18 Peak Tracking Total 11 | . 6 3 1 11 Tactical Retreats 3 | . 1 1 . 1 Traps | -11 -10 -10 -10 -8 ------- Run | Yrd Mat Min Sub Mat Traps Triggered . | . . . . . Indirectly . | . . . . . Trap Hack Attempts . | . . . . . Triggered . | . . . . . Disarmed . | . . . . . Reprogrammed . | . . . . . Reused . | . . . . . Traps Extracted . | . . . . . Installed . | . . . . . Triggered . | . . . . . Machines | -11 -10 -10 -10 -8 ---------- Run | Yrd Mat Min Sub Mat Machines Disabled 4 | . 4 . . . Max in Single Turn 1 | . 1 . . . Machines Repaired . | . . . . . Machines Dismantled . | . . . . . Machines Sabotaged . | . . . . . Overloaded Fab Kills . | . . . . . Hacking | -11 -10 -10 -10 -8 --------- Run | Yrd Mat Min Sub Mat Machines Accessed 7 | . 5 1 . 1 Terminals 6 | . 5 1 . . Fabricators . | . . . . . Repair Stations 1 | . . . . 1 Recycling Units . | . . . . . Scanalyzers . | . . . . . Garrison Access . | . . . . . Total Hacks 19 | . 13 3 . 3 Successful 7 | . 3 2 . 2 Failed 12 | . 10 1 . 1 Catastrophic 4 | . 4 . . . Database Lockouts . | . . . . . Manual 6 | . 5 1 . . Terminals 16 | . 13 3 . . Fabricators . | . . . . . Repair Stations 3 | . . . . 3 Recycling Units . | . . . . . Scanalyzers . | . . . . . Garrison Access . | . . . . . Terminal Hacks 5 | . 3 2 . . Record 1 | . . 1 . . Robot Analysis 1 | . 1 . . . Prototype ID Bank 1 | . 1 . . . Branch Access Points 1 | . 1 . . . Zone Layout 1 | . . 1 . . Fabricator Hacks . | . . . . . Repair Station Hacks 2 | . . . . 2 Scan Component 1 | . . . . 1 Refit 1 | . . . . 1 Recycling Unit Hacks . | . . . . . Scanalyzer . | . . . . . Garrison Access Hacks . | . . . . . Unauthorized Hacks . | . . . . . Terminals . | . . . . . Fabricators . | . . . . . Repair Stations . | . . . . . Recycling Units . | . . . . . Scanalyzers . | . . . . . Garrison Access . | . . . . . Data Cores Recovered . | . . . . . Used . | . . . . . Hacking Detections 6 | . 4 1 . 1 Full Trace Events 5 | . 4 1 . . Feedback Events . | . . . . . Feedback Blocked . | . . . . . Robot Schematics Acquired . | . . . . . Robots Built . | . . . . . Authchips . | . . . . . Time . | . . . . . Total Robot Build Rating . | . . . . . Part Schematics Acquired . | . . . . . Parts Built . | . . . . . Authchips . | . . . . . Time . | . . . . . Total Part Build Rating . | . . . . . Parts Repaired . | . . . . . Time . | . . . . . Parts Recycled . | . . . . . Recycled Matter . | . . . . . Retrieved Matter . | . . . . . Retrieved Components . | . . . . . Parts Scanalyzed . | . . . . . Part Schematics Acquired . | . . . . . Parts Damaged . | . . . . . Bothacking | -11 -10 -10 -10 -8 ------------ Run | Yrd Mat Min Sub Mat Used RIF Installer . | . . . . . Robots Hacked . | . . . . . Non-combat . | . . . . . Combat . | . . . . . Robot Hacks Applied . | . . . . . Relay Couplers Released . | . . . . . Fabnet Peak Effective % . | . . . . . Robots Rewired . | . . . . . Allies Hacked . | . . . . . Hacks Repelled . | . . . . . Allies | -11 -10 -10 -10 -8 -------- Run | Yrd Mat Min Sub Mat Total Allies . | . . . . . Largest Group . | . . . . . Highest-Rated Group . | . . . . . Highest-Rated Ally . | . . . . . Total Orders . | . . . . . Ally Attacks . | . . . . . Total Damage . | . . . . . Kills . | . . . . . Allies Corrupted . | . . . . . Allies Melted . | . . . . . Intel | -11 -10 -10 -10 -8 ------- Run | Yrd Mat Min Sub Mat Robot Analysis Total 1 | . 1 . . . Derelict Logs Recovered 2 | . . 1 1 . Drone Launches . | . . . . . Drone Recoveries . | . . . . . Exploration | -11 -10 -10 -10 -8 ------------- Run | Yrd Mat Min Sub Mat Turns Passed 2929 | 121 1267 1021 328 192 Spaces Moved 1091 | 77 493 261 126 134 Core 29 | 21 . . . 8 Treads 936 | 56 493 261 126 . Legs . | . . . . . Wheels . | . . . . . Hover . | . . . . . Flight 126 | . . . . 126 Fastest Speed 31 | 50 160 240 240 31 Average Speed 207 | 139 225 240 253 72 Slowest Speed 320 | 200 240 240 320 214 Overloaded Moves . | . . . . . Propulsion Burnouts . | . . . . . Robots Hopped . | . . . . . Cave-ins Triggered . | . . . . . Exploration Rate (%) 27 | 5 66 48 5 15 Regions Visited 4 Branch Regions 2 Pre-discovered Areas 1 | . . 1 . . Known Exits Taken 2 | . 1 . 1 . Unknown Exits Taken 2 | 1 . 1 . . Scrap Searched 1 | . . 1 . . Spaces Dug 2 | . . . . 2 Terrain Destroyed 9 | . . . . 9 Melee 2 | . . . . 2 Projectile . | . . . . . AOE 7 | . . . . 7 Terrain Rammed . | . . . . . Walls Destroyed . | . . . . . Machines Disabled . | . . . . . Actions | -11 -10 -10 -10 -8 --------- Run | Yrd Mat Min Sub Mat Total 1606 | 87 583 598 131 207 Wait 300 | . 3 288 . 9 Move 1087 | 76 492 260 125 134 Hop . | . . . . . Pick Up 42 | 4 27 5 1 5 Fast Attach 8 | 6 . . . 2 Attach 20 | . 3 4 . 13 Detach 3 | . . . . 3 Swap 10 | . 4 1 2 3 Drop 22 | . 10 3 . 9 Fire 104 | . 43 35 3 23 Melee 6 | . . . . 6 Ram . | . . . . . Kick . | . . . . . Crush 4 | 1 1 2 . . Escape Stasis . | . . . . . Rewire . | . . . . . Trap . | . . . . . Miscellaneous . | . . . . . Route ------- -11/Scrapyard -10/Materials (discovered 4 exits: [*Mat x2] / *Min x2) -10/Mines -10/Subcaves -8/Materials (discovered 1 exit: [*Sto]) History --------- Turn | Location | Event 20 | -11/Scrapyard | Discovered new exit (range 16) 122 | -11/Scrapyard | Entered Materials 314 | -10/Materials | Build established: Mutant 812 | -10/Materials | Identified exit to Mines 994 | -10/Materials | Discovered new exit (range 8) 1208 | -10/Materials | Discovered new exit (range 16) 1389 | -10/Materials | Entered Mines 1461 | -10/Mines | Core integrity fell below 50% 1774 | -10/Mines | Found a damaged Exp. Sensor Array with a note attached 1780 | -10/Mines | Found Prototype Device 1906 | -10/Mines | Learned location of Mines (-9) 2393 | -10/Mines | Discovered new exit (range 5) 2410 | -10/Mines | Entered Subcaves 2418 | -10/Subcaves | Learned 4 Materials zone layouts 2487 | -10/Subcaves | Discovered new exit (range 12) 2518 | -10/Subcaves | Identified exit to Materials 2595 | -10/Subcaves | Shifting Twisted Machinery released Mak. Sword 2603 | -10/Subcaves | Shifting Twisted Machinery released Battle Cannon 2738 | -10/Subcaves | Entered Materials 2738 | -8/Materials | Evolved 4 slots: Power x1, Propulsion x2, Utility x1 2839 | -8/Materials | Discovered new exit (range 15) 2867 | -8/Materials | Garrison activated, responded to threat 2881 | -8/Materials | Core integrity fell below 50% 2888 | -8/Materials | Identified Exp. Sensor Array 2921 | -8/Materials | Core integrity fell below 20% 2930 | -8/Materials | Destroyed by G-47 Trooper with Particle Gun Last Messages --------------- W-25 Informer sends out distress signal. Weight Redist. System destroyed. Grenade Launcher destroyed. Identified Exp. Sensor Array. Penetrated by Slug. U-05 Engineer lays Concrete. Acquired 21 matter. Penetrated by Slug. Exp. Sensor Array destroyed. Penetrated by Slug. Flight Unit destroyed. K-01 Serf collects debris. Slug penetrates Wall. Flight Unit destroyed. Acquired Missile Launcher. K-01 Serf collects debris. T-07 Excavator is excavating. Slug penetrates Wall. Flight Unit destroyed. Dropped Med. Storage Unit. Map ----- +----------------------------------------------------+ | ?????# # "G" ## # ????????? | | ###### + " " ## """ # ????????? | | # ## """ # ????????? | | ###### # ] ## """ # ????????? | | ?????# #?##############+####????? | | ?????# #########???# ] ????? | | ?????# # #???# """ #???? | | ?????# # #???# """ ##??? | | ?????# +% #???# """ "#??? | | ?????# ###+######??#! #???? | | ?????# ####"#### * """ #???? | | ?????# !%[ %[ " """ #???? | | ?????## * # """ #???? | | ??????# *[ " # ! #???? | | ??????# ##########+####???? | | ??????# ######## #?????? | | ??????# H #?????? | | ?????+ ggg #?????? | | ??? #### ######## Y #?????? | | ?? ????## #????????###Y ##?????? | | ?##??????## ?????????# #gg#??????? | | ??????????# ?????????# #??????? | | ??????????# ?????????# # #??????? | | ??????????# ?????????### #??????? | | ??????????? ???????????# #??????? | | ??????????? ???????????#@ #??????? | | ???????????